MLB
CHICAGO CUBS @ PITTSBURGH PIRATES
09/18/2047
 
TOP OF THE 1ST
Chicago Cubs batting - Pitching for Pittsburgh Pirates : RHP Isaac Spikes
Pitching: RHP Isaac Spikes
Batting: RHB Yasuhide Kasahara 0-0: Ball
1-0: Ground out 6-3 (Groundball, 6, EV 83.8 MPH)
Batting: RHB Steve Bartman Jr. 0-0: Foul Ball, location: 2F
0-1: Called Strike
0-2: Ball
1-2: Fly out, F9 (Line Drive, 9LS, EV 90.0 MPH)
Batting: RHB Efrain Vargas 0-0: Called Strike
0-1: Swinging Strike
0-2: Strikes out swinging
Top of the 1st over - 0 runs, 0 hits, 0 errors, 0 left on base; Chicago 0 - Pittsburgh 0
BOTTOM OF THE 1ST
Pittsburgh Pirates batting - Pitching for Chicago Cubs : RHP Randy Budgell
Pitching: RHP Randy Budgell
Batting: RHB Raul Mendoza 0-0: Ball
1-0: Foul Ball, location: 2F
1-1: Ball
2-1: Called Strike
2-2: Ball
3-2: Foul Ball, location: 2F
3-2: Ground out 6-3 (Groundball, 6MS, EV 67.5 MPH)
Batting: LHB Xavier Pittman 0-0: Ball
1-0: Foul Ball, location: 2F
1-1: Foul Ball, location: 2F
1-2: Ball
2-2: Foul Ball, location: 2F
2-2: Ball
3-2: Foul Ball, location: 2F
3-2: Foul Ball, location: 2F
3-2: SINGLE (Groundball, 56D, EV 101.2 MPH)
Batting: SHB Marvin McAleer 0-0: Ball
1-0: Ball
2-0: Ball
3-0: Base on Balls
Xavier Pittman to second
Batting: RHB Mike Bates 0-0: Foul Ball, location: 2F
0-1: Ball
1-1: Called Strike
1-2: Ball
2-2: Strikes out swinging
Batting: LHB Micah Boshnjaku 0-0: Called Strike
0-1: Swinging Strike
0-2: Ball
1-2: Ball
2-2: Ball
3-2: Foul Ball, location: 2F
3-2: Base on Balls
Xavier Pittman to third
Marvin McAleer to second
Batting: LHB Josh Cook 0-0: Foul Ball, location: 2F
0-1: Foul Ball, location: 2F
0-2: Ball
1-2: Ball
2-2: Fly out, F9 (Flyball, 9D, EV 100.6 MPH)
Bottom of the 1st over - 0 runs, 1 hit, 0 errors, 3 left on base; Chicago 0 - Pittsburgh 0
TOP OF THE 2ND
Chicago Cubs batting - Pitching for Pittsburgh Pirates : RHP Isaac Spikes
Batting: RHB Josh Kalman 0-0: Ball
1-0: Ball
2-0: Swinging Strike
2-1: Ball
3-1: Called Strike
3-2: SOLO HOME RUN (Flyball, 78XD, EV 100.0 MPH), Distance : 421 ft
Batting: LHB Kevin Norton 0-0: Ball
1-0: Ground out 6-3 (Groundball, 6M, EV 87.5 MPH)
Batting: RHB Alan Oxenrider 0-0: Called Strike
0-1: Called Strike
0-2: Ball
1-2: Fly out, F7 (Flyball, 78M, EV 96.9 MPH)
Batting: RHB Elijah Campbell 0-0: Foul Ball, location: 2F
0-1: Ball
1-1: Ball
2-1: Swinging Strike
2-2: Strikes out swinging
Top of the 2nd over - 1 run, 1 hit, 0 errors, 0 left on base; Chicago 1 - Pittsburgh 0
BOTTOM OF THE 2ND
Pittsburgh Pirates batting - Pitching for Chicago Cubs : RHP Randy Budgell
Batting: RHB Andrew Robinson 0-0: Ball
1-0: Ball
2-0: SINGLE (Groundball, 56D, EV 105.0 MPH)
Batting: RHB Bubba Tierney 0-0: Ball
1-0: Foul Ball, location: 2F
1-1: Ball
2-1: Called Strike
2-2: Foul Ball, location: 2F
2-2: Foul Ball, location: 2F
2-2: Ball
3-2: DOUBLE (Line Drive, 5D, EV 97.5 MPH)
Andrew Robinson to third
Andrew Robinson scores
Batting: SHB Trevor Weareorwear 0-0: Ball
1-0: Ball
2-0: Ball
Wild Pitch!
Bubba Tierney to third
3-0: Called Strike
3-1: Foul Ball, location: 2F
3-2: Strikes out swinging
Batting: RHB Raul Mendoza 0-0: Ball
1-0: SINGLE (Flyball, 78S, EV 96.2 MPH)
Bubba Tierney scores
Batting: LHB Xavier Pittman 0-0: Foul Ball, location: 2F
0-1: Swinging Strike
0-2: Ball
1-2: Strikes out swinging
Batting: SHB Marvin McAleer 0-0: Foul Ball, location: 2F
0-1: Foul Ball, location: 2F
0-2: Foul Ball, location: 2F
0-2: Foul Ball, location: 2F
0-2: Foul Ball, location: 2F
0-2: Ball
1-2: Foul Ball, location: 2F
1-2: Fly out, F8 (Flyball, 8LD, EV 101.2 MPH)
Bottom of the 2nd over - 2 runs, 3 hits, 0 errors, 1 left on base; Chicago 1 - Pittsburgh 2
TOP OF THE 3RD
Chicago Cubs batting - Pitching for Pittsburgh Pirates : RHP Isaac Spikes
Batting: RHB Brian Gargis 0-0: Called Strike
0-1: Called Strike
0-2: Foul Ball, location: 2F
0-2: Strikes out looking
Batting: LHB Andy Arbuckle 0-0: Ground out 4-3 (Groundball, 4, EV 78.1 MPH)
Batting: RHB Yasuhide Kasahara 0-0: Foul Ball, location: 2F
0-1: Ball
1-1: Ground out 4-3 (Groundball, 4, EV 80.0 MPH)
Top of the 3rd over - 0 runs, 0 hits, 0 errors, 0 left on base; Chicago 1 - Pittsburgh 2
BOTTOM OF THE 3RD
Pittsburgh Pirates batting - Pitching for Chicago Cubs : RHP Randy Budgell
Batting: RHB Mike Bates 0-0: Foul Ball, location: 2F
0-1: Ground out 6-3 (Groundball, 56, EV 82.5 MPH)
Batting: LHB Micah Boshnjaku 0-0: Ball
1-0: Foul Ball, location: 2F
1-1: Fly out, F8 (Flyball, 8LM, EV 73.1 MPH)
Batting: LHB Josh Cook 0-0: Swinging Strike
0-1: Foul Ball, location: 2F
0-2: Ground out 6-3 (Groundball, 6, EV 105.0 MPH)
Bottom of the 3rd over - 0 runs, 0 hits, 0 errors, 0 left on base; Chicago 1 - Pittsburgh 2
TOP OF THE 4TH
Chicago Cubs batting - Pitching for Pittsburgh Pirates : RHP Isaac Spikes
Batting: RHB Steve Bartman Jr. 0-0: SINGLE (Flyball, 9S, EV 89.4 MPH)
Batting: RHB Efrain Vargas 0-0: Swinging Strike
0-1: Ball
1-1: Ball
2-1: Ball
3-1: Swinging Strike
3-2: Foul Ball, location: 2F
3-2: Strikes out swinging
Batting: RHB Josh Kalman 0-0: Ball
1-0: SINGLE (Groundball, 4D, EV 106.2 MPH)
Steve Bartman Jr. to second
Runner from 2nd tries for 3rd, SAFE, no throw by RF
Batting: LHB Kevin Norton 0-0: Called Strike
0-1: Ball
1-1: Fielders Choice at 2nd, 4-6 (Groundball, 4MD, EV 103.8 MPH)
Steve Bartman Jr. scores
Batting: RHB Alan Oxenrider 0-0: Called Strike
0-1: Called Strike
0-2: Foul Ball, location: 2F
0-2: Hit by Pitch
Kevin Norton to second
Batting: RHB Elijah Campbell 0-0: Swinging Strike
0-1: Swinging Strike
0-2: Strikes out swinging
Top of the 4th over - 1 run, 2 hits, 0 errors, 2 left on base; Chicago 2 - Pittsburgh 2
BOTTOM OF THE 4TH
Pittsburgh Pirates batting - Pitching for Chicago Cubs : RHP Randy Budgell
Batting: RHB Andrew Robinson 0-0: Swinging Strike
0-1: Called Strike
0-2: Strikes out looking
Batting: RHB Bubba Tierney 0-0: Foul Ball, location: 2F
0-1: Ground out 3-1 (Groundball, 13, EV 93.8 MPH)
Batting: SHB Trevor Weareorwear 0-0: Called Strike
0-1: Foul Ball, location: 2F
0-2: Strikes out looking
Bottom of the 4th over - 0 runs, 0 hits, 0 errors, 0 left on base; Chicago 2 - Pittsburgh 2
TOP OF THE 5TH
Chicago Cubs batting - Pitching for Pittsburgh Pirates : RHP Isaac Spikes
Batting: RHB Brian Gargis 0-0: Ball
1-0: Ball
2-0: Called Strike
2-1: Ball
3-1: Ground out U3 (Groundball, 3, EV 83.1 MPH)
Batting: LHB Andy Arbuckle 0-0: Called Strike
0-1: Foul Ball, location: 2F
0-2: Ball
1-2: Strikes out swinging
Batting: RHB Yasuhide Kasahara 0-0: Called Strike
0-1: Ball
1-1: Foul Ball, location: 2F
1-2: Fly out, F6 (Popup, 6MD, EV 54.4 MPH)
Top of the 5th over - 0 runs, 0 hits, 0 errors, 0 left on base; Chicago 2 - Pittsburgh 2
BOTTOM OF THE 5TH
Pittsburgh Pirates batting - Pitching for Chicago Cubs : RHP Randy Budgell
Batting: RHB Raul Mendoza 0-0: Called Strike
0-1: Ball
1-1: Ball
2-1: Foul Ball, location: 2F
2-2: Foul Ball, location: 2F
2-2: Foul Ball, location: 2F
2-2: SINGLE (Groundball, 4D, EV 107.5 MPH)
Batting: LHB Xavier Pittman 0-0: SINGLE (Flyball, 8RS, EV 88.8 MPH)
Raul Mendoza to second
Runner from 2nd tries for 3rd, SAFE, throw by CF made to third
Batting: SHB Marvin McAleer 0-0: Called Strike
0-1: Ball
1-1: Called Strike
1-2: Fly out, F9 (Line Drive, 9S, EV 93.8 MPH)
Batting: RHB Mike Bates 0-0: Ball
1-0: Called Strike
1-1: Called Strike
1-2: Ball
2-2: Foul Ball, location: 2F
2-2: Ball
3-2: Grounds into double play, 4-6-3 (Groundball, 34, EV 85.6 MPH)
Bottom of the 5th over - 0 runs, 2 hits, 0 errors, 1 left on base; Chicago 2 - Pittsburgh 2
TOP OF THE 6TH
Chicago Cubs batting - Pitching for Pittsburgh Pirates : RHP Isaac Spikes
Batting: RHB Steve Bartman Jr. 0-0: Ball
1-0: Called Strike
1-1: Ball
2-1: Ground out U3 (Groundball, 34S, EV 85.6 MPH)
Batting: RHB Efrain Vargas 0-0: Ground out 6-3 (Groundball, 6, EV 86.9 MPH)
Batting: RHB Josh Kalman 0-0: Ball
1-0: Swinging Strike
1-1: Swinging Strike
1-2: Ball
2-2: Foul Ball, location: 2F
2-2: Foul Ball, location: 2F
2-2: Foul Ball, location: 2F
2-2: Foul Ball, location: 2F
2-2: Fly out, F6 (Popup, 6M, EV 74.4 MPH)
Top of the 6th over - 0 runs, 0 hits, 0 errors, 0 left on base; Chicago 2 - Pittsburgh 2
BOTTOM OF THE 6TH
Pittsburgh Pirates batting - Pitching for Chicago Cubs : RHP Randy Budgell
Pitching: RHP Miles Edwards
Batting: LHB Micah Boshnjaku 0-0: Called Strike
0-1: Swinging Strike
0-2: Ball
1-2: Foul Ball, location: 2F
1-2: Foul Ball, location: 2F
1-2: Strikes out swinging
Batting: LHB Josh Cook 0-0: Ball
1-0: Bunted foul
1-1: Ball
2-1: Foul Ball, location: 2F
2-2: Strikes out swinging
Batting: RHB Andrew Robinson 0-0: SINGLE (Groundball, 56S, EV 73.8 MPH) (infield hit)
Batting: RHB Bubba Tierney 0-0: Swinging Strike
0-1: Ball
1-1: Called Strike
1-2: Foul Ball, location: 2F
1-2: Foul Ball, location: 2F
1-2: Ball
2-2: Foul Ball, location: 2F
2-2: Strikes out looking
Bottom of the 6th over - 0 runs, 1 hit, 0 errors, 1 left on base; Chicago 2 - Pittsburgh 2
TOP OF THE 7TH
Chicago Cubs batting - Pitching for Pittsburgh Pirates : RHP Isaac Spikes
Batting: LHB Kevin Norton 0-0: Foul Ball, location: 2F
0-1: Ball
1-1: Ball
2-1: Called Strike
2-2: Foul Ball, location: 2F
2-2: Strikes out swinging
Batting: RHB Alan Oxenrider 0-0: Foul Ball, location: 2F
0-1: Called Strike
0-2: Ball
1-2: Ball
2-2: Ground out 6-3 (Groundball, 6, EV 90.0 MPH)
Batting: RHB Elijah Campbell 0-0: Foul Ball, location: 2F
0-1: Ball
1-1: Ball
2-1: Ball
3-1: Fly out, F5 (Popup, 5F, EV 67.5 MPH)
Top of the 7th over - 0 runs, 0 hits, 0 errors, 0 left on base; Chicago 2 - Pittsburgh 2
BOTTOM OF THE 7TH
Pittsburgh Pirates batting - Pitching for Chicago Cubs : RHP Miles Edwards
Batting: SHB Trevor Weareorwear 0-0: Called Strike
0-1: Ball
1-1: Foul Ball, location: 2F
1-2: Fly out, F2 (Popup, 25F, EV 89.4 MPH)
Batting: RHB Raul Mendoza 0-0: Ball
1-0: Called Strike
1-1: Ground out 6-3 (Groundball, 6, EV 80.0 MPH)
Batting: LHB Xavier Pittman 0-0: Foul Ball, location: 2F
0-1: Foul Ball, location: 2F
0-2: Ball
1-2: Ball
2-2: Foul Ball, location: 2F
2-2: Ball
3-2: Foul Ball, location: 2F
3-2: Fly out, F8 (Line Drive, 8RM, EV 92.5 MPH)
Bottom of the 7th over - 0 runs, 0 hits, 0 errors, 0 left on base; Chicago 2 - Pittsburgh 2
TOP OF THE 8TH
Chicago Cubs batting - Pitching for Pittsburgh Pirates : RHP Isaac Spikes
Batting: RHB Brian Gargis 0-0: Called Strike
0-1: Ball
1-1: Swinging Strike
1-2: Foul Ball, location: 2F
1-2: Strikes out swinging
Pitching: RHP Jeremy Kennie
Batting: LHB Andy Arbuckle 0-0: Foul Ball, location: 2F
0-1: Called Strike
0-2: Foul Ball, location: 2F
0-2: Ground out U3 (Groundball, 3, EV 85.6 MPH)
Batting: RHB Yasuhide Kasahara 0-0: Ball
1-0: Foul Ball, location: 2F
1-1: Called Strike
1-2: Foul Ball, location: 2F
1-2: Foul Ball, location: 2F
1-2: Foul Ball, location: 2F
1-2: Ball
2-2: Ground out 5-3 (Groundball, 56S, EV 66.9 MPH)
Top of the 8th over - 0 runs, 0 hits, 0 errors, 0 left on base; Chicago 2 - Pittsburgh 2
BOTTOM OF THE 8TH
Pittsburgh Pirates batting - Pitching for Chicago Cubs : RHP Miles Edwards
Pitching: RHP Josh MacQueen
Batting: SHB Marvin McAleer 0-0: Called Strike
0-1: Swinging Strike
0-2: Strikes out swinging
Batting: RHB Mike Bates 0-0: Fly out, F7 (Line Drive, 7, EV 106.9 MPH)
Batting: LHB Micah Boshnjaku 0-0: Ball
1-0: Swinging Strike
1-1: Called Strike
1-2: Ball
2-2: Strikes out swinging
Bottom of the 8th over - 0 runs, 0 hits, 0 errors, 0 left on base; Chicago 2 - Pittsburgh 2
TOP OF THE 9TH
Chicago Cubs batting - Pitching for Pittsburgh Pirates : RHP Jeremy Kennie
Batting: RHB Steve Bartman Jr. 0-0: Called Strike
0-1: Ball
1-1: Ball
2-1: Ground out 5-3 (Groundball, 56, EV 89.4 MPH)
Batting: RHB Efrain Vargas 0-0: Fly out, F8 (Flyball, 8LD, EV 87.5 MPH)
Batting: RHB Josh Kalman 0-0: Ball
1-0: Ball
2-0: Called Strike
2-1: Foul Ball, location: 2F
2-2: Strikes out looking
Top of the 9th over - 0 runs, 0 hits, 0 errors, 0 left on base; Chicago 2 - Pittsburgh 2
BOTTOM OF THE 9TH
Pittsburgh Pirates batting - Pitching for Chicago Cubs : RHP Josh MacQueen
Batting: LHB Josh Cook 0-0: Ball
1-0: Foul Ball, location: 2F
1-1: Called Strike
1-2: Ball
2-2: Ball
3-2: Base on Balls
Batting: RHB Andrew Robinson 0-0: Ball
1-0: Swinging Strike
1-1: Ball
Josh Cook steals 2nd base
2-1: Intentional Walk
Pinch Hitting: RHB David Contreras 0-0: Ball
1-0: Ball
2-0: Bunted foul
2-1: Sac Bunt to 5S - play at first, batter OUT! 5-4
Josh Cook to third
Andrew Robinson to second
Batting: SHB Trevor Weareorwear 0-0: Ball
1-0: Fly out, F7 (Flyball, 78S, EV 88.1 MPH)
Batting: RHB Raul Mendoza 0-0: Ball
1-0: Ball
2-0: Called Strike
2-1: Called Strike
2-2: SINGLE (Line Drive, 78M, EV 103.1 MPH)
Josh Cook scores
Bottom of the 9th over - 1 run, 1 hit, 0 errors, 2 left on base; Chicago 2 - Pittsburgh 3
Thursday, December 15th , 2022 - OOTP Baseball 23.9 Build 102